Map: Ruins of Seras

Players

Tang - Winner!

  • Race: Zerg Zerg
  • League: Master

Minigun

  • Race: Protoss Protoss
  • League: Grandmaster

VOD

Have the link to the VOD?

Description

Time

  • Played on: Dec. 9, 2015, 7:15 p.m.
  • Length: 5:17
Show
View Real Time Build Order
Export as new Build Order

Tang Zerg - Winner!

Build Orders: Hatch First 

Get SALT Encoding   

  12  0:01  Drone  
  13  0:12  Overlord  
  13  0:18  Drone  
  14  0:31  Drone x2  
  14  0:34  Drone  
  17  0:54  Hatchery  
  17  0:56  Drone  
  17  0:59  Drone  
  17  1:01  Extractor  
  17  1:15  Spawning Pool  
  16  1:18  Drone  
  16  1:21  Drone  
  18  1:32  Drone  
  19  1:43  Overlord  
  19  2:02  Queen  
  19  2:05  Queen  
  19  2:06  Metabolic Boost  
  19  2:07  Zergling x2  
  25  2:08  Zergling x2  
  25  2:12  Zergling x2  
  26  2:21  Zergling x4  
  28  2:23  Zergling x2  
  29  2:35  Overlord  
  29  2:38  Roach Warren  
  26  3:19  Roach  
  30  3:20  Roach x6  
  30  3:21  Roach  
  30  3:27  Overlord  
  42  3:36  Zergling x4  
  42  3:39  Zergling x4  
  44  3:47  Zergling x6  
  47  3:51  Zergling x2  
  47  3:53  Zergling x2  
  49  3:57  Zergling x2  
  49  3:59  Zergling x2  
  51  4:05  Overlord  
  51  4:10  Zergling x2  
  49  4:25  Zergling x2  
  49  4:26  Zergling x8  
  48  4:31  Zergling x4  
  48  4:46  Drone  
  48  4:47  Zergling x6  
  48  4:49  Zergling x6  
  47  5:00  Drone x3  
Show
View Real Time Build Order
Export as new Build Order

Minigun Protoss 

Build Orders: 1 Gate Expand 

Get SALT Encoding   

  12  0:01  Probe (Chrono Boost)  
  13  0:12  Probe (Chrono Boost)  
  14  0:21  Pylon  
  14  0:23  Probe (Chrono Boost)  
  15  0:39  Gateway, Probe (Chrono Boost)  
  16  0:49  Probe (Chrono Boost)  
  17  0:50  Assimilator  
  17  1:00  Probe (Chrono Boost)  
  17  1:04  Assimilator  
  18  1:10  Probe (Chrono Boost)  
  19  1:31  Nexus  
  19  1:34  Probe (Chrono Boost)  
  20  1:43  Pylon  
  20  1:45  Probe (Chrono Boost)  
  21  1:54  Cybernetics Core  
  21  1:58  Probe (Chrono Boost)  
  23  2:08  Probe (Chrono Boost)  
  23  2:16  Zealot  
  23  2:19  Probe (Chrono Boost)  
  26  2:32  Mothership Core (Chrono Boost)  
  26  2:36  Robotics Facility  
  28  2:43  Probe (Chrono Boost)  
  29  2:46  Warp Gate (Chrono Boost)  
  29  2:50  Probe (Chrono Boost)  
  30  2:52  Gateway  
  30  2:57  Probe (Chrono Boost)  
  31  3:10  Gateway  
  31  3:12  Probe x2 (Chrono Boost)  
  33  3:17  Gateway  
  33  3:24  Pylon, Probe (Chrono Boost)  
  33  3:26  Probe (Chrono Boost)  
  35  3:36  Probe  
  35  3:40  Probe  
  35  3:41  Observer  
  38  3:48  Probe  
  38  3:49  Sentry  
  38  3:51  Probe  
  38  3:55  Pylon  
  42  4:00  Probe  
  43  4:10  Immortal (Chrono Boost)  
  47  4:17  Gateway  
  42  4:44  Sentry, Zealot x2  
  45  4:53  Probe  
  46  5:00  Pylon  
  46  5:01  Pylon  
  46  5:03  Pylon  
Tags
 
Add a new tag
Caveats
  • Supply blocks, unpowered buildings, or Contaminate may cause inaccurate times.
  • Supply counts are checked every 10 seconds.